 Dungeon Crawl Stone Soup version 0.22.1-2-g9c5b331 (webtiles) character file.

359 MalarOregon the Sneak (level 6, 0/45 HPs)
             Began as a Merfolk Enchanter on Nov 13, 2018.
             Was an Initiate of Dithmenos.
             Slain by Duvessa
             ... wielding a +0 short sword
              (4 damage)
             ... on level 4 of the Dungeon.
             The game lasted 00:08:00 (3472 turns).

MalarOregon the Sneak (Merfolk Enchanter)           Turns: 3472, Time: 00:08:01

Health: 0/45       AC:  6    Str:  8    XL:     6   Next: 65%
Magic:  2/10       EV: 14    Int: 17    God:    Dithmenos [......]
Gold:   280        SH:  0    Dex: 14    Spells: 1/10 levels left

rFire    . . .     SeeInvis .   a - +1 dagger (flame)
rCold    . . .     Gourm    .   (no shield)
rNeg     . . .     Faith    .   b - +0 robe
rPois    .         Spirit   .   g - +2 helmet
rElec    .         Reflect  .   (no cloak)
rCorr    .         Harm     .   j - +0 pair of gloves (curse)
MR       .....                  (no boots)
Stlth    +++.......             (no amulet)
HPRegen  0.15/turn              (no ring)
MPRegen  0.12/turn              (no ring)

@: very slightly contaminated
A: change form in water, swift swim, stealthy swim
a: Renounce Religion


You were on level 4 of the Dungeon.
You worshipped Dithmenos.
Dithmenos was noncommittal.
You were not hungry.

You visited 1 branch of the dungeon, and saw 4 of its levels.

You collected 280 gold pieces.

Inventory:

Hand Weapons
 a - a +1 dagger of flaming (weapon)
   (You took it off a goblin on level 3 of the Dungeon)
Armour
 b - a +0 robe (worn)
 g - a +2 helmet (worn)
   (You found it on level 2 of the Dungeon)
 j - a cursed +0 pair of gloves (worn)
   (You found it on level 2 of the Dungeon)
Jewellery
 m - an uncursed ring of wizardry {unknown}
   (You took it off a kobold on level 3 of the Dungeon)
Scrolls
 c - a scroll of fog {unknown}
 d - a scroll of noise {!r}
 h - 3 scrolls of identify {@r1}
Potions
 f - a potion of heal wounds {unknown}
 i - a potion of curing {@q1}
 k - a potion of agility {unknown}
 n - a potion of degeneration {unknown}
Comestibles
 e - 9 rations {!d}
 l - a chunk of flesh


   Skills:
 + Level 2.3 Fighting
 * Level 4.2 Short Blades
 + Level 4.2 Dodging
 + Level 4.5 Stealth
 + Level 2.8 Spellcasting
 + Level 3.8 Hexes


You had one spell level left.
You knew the following spells:

 Your Spells              Type           Power        Failure   Level  Hunger
a - Corona                Hex            ###....      3%          1    #......
c - Confuse               Hex            ###.....     11%         3    ###....
d - Tukima's Dance        Hex            ###.....     11%         3    ###....
x - Ensorcelled Hibernat  Hex/Ice        #.....       12%         2    ##.....

Your spell library contained the following spells:

 Spells                   Type           Power        Failure   Level  Hunger
 Dazzling Spray           Conj/Hex       #.....       24%         3    ###....


Dungeon Overview and Level Annotations

Branches:
Dungeon (4/15)
 Temple: D:4-7

Altars:
Cheibriados
Dithmenos
Hepliaklqana
Okawaru
Qazlal
Uskayaw
Vehumet
Xom
Yredelemnul
Zin

Annotations:
D:4 Dowan, Duvessa


Message History

Duvessa and Dowan come into view.
Duvessa shouts!
Dowan picks up some gold.
Some of the chunks of flesh in your inventory have rotted away.
Dowan shouts!
Duvessa says, "When magic and the sword combine, nothing stands against them."
You see here 6 gold pieces.
Aim: Duvessa, wielding a short sword and wearing a glowing ring mail (chance to
Okay, then.
Aim: Duvessa, wielding a short sword and wearing a glowing ring mail (chance to Duvessa resists with almost no effort.
Duvessa hits you but does no damage.
Dowan casts a spell.
Dowan blinks!
Aim: Duvessa, wielding a short sword and wearing a glowing ring mail (chance to You miscast Ensorcelled Hibernation.
You are very lightly contaminated with residual magic.
You feel a bit tired. Duvessa hits you with a short sword.
Aim: Duvessa, wielding a short sword and wearing a glowing ring mail (chance to Duvessa resists with almost no effort.
Duvessa misses you.
Aim: Duvessa, wielding a short sword and wearing a glowing ring mail (chance to You miscast Ensorcelled Hibernation.
The light around you dims momentarily. Duvessa hits you with a short sword!
Aim: Duvessa, wielding a short sword and wearing a glowing ring mail (chance to Duvessa resists with almost no effort.
Duvessa hits you with a short sword.
Dowan drinks a potion.
Dowan seems to speed up.
You hit Duvessa. You burn Duvessa. Duvessa hits you but does no damage.
You hit Duvessa but do no damage.
Dowan casts a spell at Duvessa.
Duvessa seems to speed up.
Duvessa closely misses you.
You hit Duvessa but do no damage. Duvessa closely misses you.
You hit Duvessa but do no damage. Duvessa misses you.
Dowan says, "Magic and the sword, together, will defeat you."
Duvessa hits you with a short sword. Duvessa hits you but does no damage.
You hit Duvessa but do no damage. Duvessa hits you but does no damage.
You hit Duvessa but do no damage. Duvessa hits you with a short sword!
* * * LOW HITPOINT WARNING * * *
Dowan gestures wildly while chanting.
Dowan blinks!
Duvessa closely misses you. Dowan closely misses you.
Duvessa says, "My weaknesses are his strengths!"
Dowan hits you but does no damage. Duvessa hits you with a short sword.
* * * LOW HITPOINT WARNING * * *
Dowan points at you and mumbles some strange words.
The puff of frost hits you!
* * * LOW HITPOINT WARNING * * *
Duvessa says, "When magic and the sword combine, nothing stands against them."
There is a stone staircase leading down here.
Duvessa hits you with a short sword.
You die...

.. #.####.... .... #.# ....
..#+# #.# ....
###########.#.# #.# ....
#.........#.#.#####.####....
#.#######.#.................
#.# #.#e#.#####÷####.... #.#
#.#.#.....#.########
#.#######.#@e..............
#.##....#.#.....#.#.#######
#.#..<..#.#.###.#.#.#...
#.#.....#.#.# #.#+#+#.#
#.#÷....#.#.###.).....#
#.##....#.#.##........#
##'##....#.#.##........#
#.......##.#.##......[.#
#.).....##.#...........#


You could see Duvessa and Dowan.

Vanquished Creatures
  An ogre (D:4)
  A scorpion (D:4)
  A bullfrog skeleton (D:4)
  Jessica (D:2)
  Natasha (D:4)
  A gnoll (D:1)
  7 adders
  2 worms (D:2)
  3 dart slugs
  A leopard gecko (D:1)
  2 ball pythons
  4 giant cockroaches (D:3)
  10 goblins
  4 hobgoblins
  3 jackals (D:1)
  9 kobolds
  A quokka (D:2)
  5 bats
  4 frilled lizards
  6 rats
67 creatures vanquished.

Notes
Turn   | Place    | Note
-------+----------+-------------------------------------------
     0 | D:1      | MalarOregon the Merfolk Enchanter began the quest for the
                  | Orb.
     0 | D:1      | Reached XP level 1. HP: 13/13 MP: 3/3
   205 | D:1      | Reached XP level 2. HP: 18/20 MP: 3/5
   854 | D:1      | Reached XP level 3. HP: 5/25 MP: 4/6
  1366 | D:2      | Reached skill level 1 in Fighting
  1633 | D:2      | Learned a level 2 spell: Ensorcelled Hibernation
  1636 | D:2      | Noticed Jessica
  1642 | D:2      | Killed Jessica
  1642 | D:2      | Reached XP level 4. HP: 32/32 MP: 4/7
  2210 | D:2      | Learned a level 3 spell: Confuse
  2394 | D:2      | Reached XP level 5. HP: 37/37 MP: 5/8
  2491 | D:2      | Found an iron altar of Okawaru.
  2496 | D:2      | Found a basalt altar of Yredelemnul.
  2500 | D:2      | Found a shimmering altar of Xom.
  2502 | D:2      | Found a radiant altar of Vehumet.
  2502 | D:2      | Found a shadowy altar of Dithmenos.
  2502 | D:2      | Found a snail-covered altar of Cheibriados.
  2502 | D:2      | Found a stormy altar of Qazlal.
  2505 | D:2      | Found a glowing silver altar of Zin.
  2506 | D:2      | Found a hide-covered altar of Uskayaw.
  2507 | D:2      | Found a hazy altar of Hepliaklqana.
  2510 | D:2      | Became a worshipper of Dithmenos the Shadowed
  3313 | D:4      | Noticed an ogre
  3322 | D:4      | Reached XP level 6. HP: 33/44 MP: 3/10
  3402 | D:4      | Learned a level 3 spell: Tukima's Dance
  3417 | D:4      | Noticed Natasha
  3421 | D:4      | Killed Natasha
  3444 | D:4      | Noticed Duvessa
  3444 | D:4      | Noticed Dowan
  3472 | D:4      | Slain by Duvessa

Skill      XL: |  1  2  3  4  5  6 |
---------------+-------------------+-----
Short Blades   | 2 3 4 |  4.2
Dodging        | 3 4 |  4.2
Fighting       | 1 2 |  2.3
Stealth        | 4 |  4.5
Spellcasting   | |  2.8
Hexes          | |  3.8

Action                   |  1- 3 |  4- 6 || total
-------------------------+-------+-------++-------
Melee: Dagger            |   102 |   116 ||   218
 Cast: Corona            |    11 |       ||    11
       Ensorcelled Hiber |     1 |    38 ||    39
  Use: Scroll            |     3 |     1 ||     4
       Potion            |     1 |       ||     1
 Stab: Sleeping          |     6 |    26 ||    32
  Eat: Chunk             |     2 |     9 ||    11
Armor: Robe              |    21 |    19 ||    40
Dodge: Dodged            |    73 |    65 ||   138
